 Dungeon Crawl Stone Soup version 0.29.0-13-gc9e81de378 (webtiles) character file.

Game seed: 6336921862270595316

48749 sanka the Spear-Bearer (level 14, -15/115 HPs)
             Began as a Merfolk Abyssal Knight on Sept 10, 2022.
             Was a High Priest of Lugonu.
             Killed from afar by an ironbound frostheart (18 damage)
             ... by creeping frost
             ... in an ice cave.
             The game lasted 00:34:13 (19340 turns).

sanka the Spear-Bearer (Merfolk Abyssal Knight)    Turns: 19340, Time: 00:34:13

Health: -15/115    AC: 19    Str: 29    XL:     14   Next: 47%
Magic:  0/24       EV: 18    Int:  6    God:    Lugonu [*****.]
Gold:   544        SH: 16    Dex: 20    Spells: 13/13 levels left

rFire   + + .      SeeInvis +   C - +0 trident (chaos)
rCold   + + +      Faith    .   P - +2 shield of Resistance {rF++ rC++ Will++}
rNeg    . . .      Spirit   +   d - +3 scale mail {rC+}
rPois   .          Reflect  .   a - +1 helmet
rElec   .          Harm     .   f - scarf {repulsion}
rCorr   .          Rampage  .   p - +2 pair of gloves of Disguise {Str+5 Int-4 SInv}
Will    +++..                   g - +2 pair of boots
Stlth   ..........              G - amulet of guardian spirit
HPRegen 0.29/turn               M - +6 ring of dexterity
MPRegen 0.19/turn               Y - +6 ring of strength

@: studying Shields, repel missiles
A: (nimble swimmer 2), mertail
a: Renounce Religion, Depart the Abyss, Bend Space, Banish, Corrupt, Enter the
Abyss


You were in an ice cave.
You worshipped Lugonu.
Lugonu was extremely pleased with you.
You visited 1 branch of the dungeon, and saw 15 of its levels.
You visited the Abyss 1 time.
You also visited: Bailey and Ice Cave.

You collected 2377 gold pieces.
You spent 1833 gold pieces at shops.


Innate Abilities, Weirdness & Mutations

((You are very nimble when in or above water. (Stealth+, EV+, Speed+++)))
Your lower body shifts to a powerful aquatic tail in water.


   Skills:
 + Level 12.1 Fighting
 - Level 14.0 Polearms
 + Level 6.1 Armour
 + Level 13.8 Dodging
 + Level 13.4 Shields
 + Level 13.3 Invocations


You had 13 spell levels left.
You didn't know any spells.
Your spell library contained the following spells:

 Spells                   Type           Power      Damage    Failure   Level
 Magic Dart               Conj           0%         1d3       88%         1
 Slow                     Hex            0%         N/A       88%         1
 Summon Small Mammal      Summ           0%         N/A       88%         1
 Call Imp                 Summ           0%         N/A       96%         2
 Call Canine Familiar     Summ           0%         N/A       99%         3
 Confusing Touch          Hex            0%         N/A       99%         3
 Ignite Poison            Fire/Tmut/Pois 0%         N/A       99%         3
 Mephitic Cloud           Conj/Pois/Air  0%         N/A       99%         3
 Portal Projectile        Hex/Tloc       0%         N/A       99%         3
 Spider Form              Tmut/Pois      0%         N/A       99%         3
 Stone Arrow              Conj/Erth      0%         3d7       99%         3
 Summon Guardian Golem    Hex/Summ       0%         N/A       99%         3
 Vampiric Draining        Necr           0%         2d6       99%         3
 Animate Armour           Summ/Erth      0%         N/A       100%        4
 Fulminant Prism          Conj/Hex       0%         3d6       100%        4
 Ice Form                 Ice/Tmut       0%         N/A       100%        4
 Iskenderun's Mystic Bla  Conj/Tloc      0%         2d3       100%        4
 Leda's Liquefaction      Hex/Erth       0%         N/A       100%        4
 Lee's Rapid Deconstruct  Erth           0%         3d5*      100%        5
 Lehudib's Crystal Spear  Conj/Erth      0%         10d2      100%        8

Inventory:

Hand Weapons
 A - a +1 whip of distortion
 C - a +0 trident of chaos (weapon)
 T - a +4 spear
Missiles
 U - 2 throwing nets {=f}
Armour
 a - a +1 helmet (worn)
 d - a +3 scale mail of cold resistance (worn)
 f - a scarf of repulsion (worn)
 g - a +2 pair of boots (worn)
 h - +1 swamp dragon scales
 p - the +2 pair of gloves of Disguise (worn) {Str+5 Int-4 SInv}

   Str:       It affects your strength (+5).
   Int:       It affects your intelligence (-4).
   SInv:      It lets you see invisible.
 P - the +2 shield of Resistance (worn) {rF++ rC++ Will++} rF: It greatly protects you from fire. rC: It greatly protects you from cold. Will: It greatly increases your willpower.
Jewellery
 i - a ring of willpower
 G - an amulet of guardian spirit (around neck)
 I - a ring of ice
 M - a +6 ring of dexterity (left hand)
 Y - a +6 ring of strength (right hand)
Wands
 b - a wand of iceblast (6)
 n - a wand of flame (16)
 u - a wand of paralysis (31)
 N - a wand of light (11)
 S - a wand of digging (10)
 Z - a wand of polymorph (7)
Scrolls
 c - 5 scrolls of noise {!r}
 e - 2 scrolls of magic mapping
 j - 3 scrolls of teleportation {@r4}
 o - 4 scrolls of fear
 s - 4 scrolls of enchant armour
 v - a scroll of torment {!r}
 E - a scroll of fog
 W - 2 scrolls of vulnerability {!r}
 X - 2 scrolls of poison {!r}
Potions
 k - 2 potions of brilliance {unknown}
 m - 2 potions of magic
 t - 2 potions of flight
 w - a potion of ambrosia {unknown}
 z - a potion of might
 F - a potion of experience {unknown}
 H - 3 potions of lignification {!q}
 J - 4 potions of mutation {!q}
 K - 4 potions of haste {@q3}
 Q - 2 potions of attraction {!q}
 V - 2 potions of invisibility

Dungeon Overview and Level Annotations

Branches:
Dungeon (15/15)            Temple (0/1) D:4            Lair (0/5) D:10
    Orc (0/2) D:9          Depths (0/4) D:15         Bailey (visited)
  IceCv (1/1)
 Vaults: D:13-14

Altars:
Ashenzari
Dithmenos
Hepliaklqana
Okawaru
Xom

Shops:
D:4 [   D:7 (

Annotations:
D:3 1 runed translucent door, Crazy Yiuf
D:5 Edmund
D:6 3 runed translucent doors, Notanamesir's ghost, novice DENe; sanka's ghost, amateur TeAE; sanka's ghost, novice TrFi; sentinel's ghost, amateur MeEE
D:9 1 runed translucent door, sanka's ghost, novice DgDe
Abyss:1 Snorg; Urug

▒▒▒▒...▒▒.▒▒▒.▒
▒.▒▒▒▒▒▒▒▒~▒
▒▒▒≈≈≈▒▒▒~▒▒
▒▒≈≈≈≈≈▒~~▒
▒≈≈≈≈≈≈~~▒▒
▒≈≈≈≈†≈[~▒▒
▒≈≈≈≈≈≈≈▒.▒
▒▒≈≈≈≈≈≈▒.▒▒
▒▒▒≈≈≈≈≈≈▒▒m▒
▒▒.▒▒†≈▒≈≈▒▒b▒
▒...▒▒≈▒▒≈▒#.▒
▒..▒pb▒▒▒▒▒▒h.▒
▒..▒▒▒p▒.▒.▒...▒
.h.. ▒.h▒..▒...▒
.pp. ▒▒..▒▒.p.▒▒


.kkp ▒.▒▒▒.p▒▒ .bh ▒▒.▒▒.▒▒ You could see a shard shrike, 2 ironbound
frosthearts and a polar bear.


Message History

The shard shrike spits a shard of ice at you.
The shard of ice misses you.
The ironbound frostheart calls freezing cold from the walls.
The frost grips you! You partially resist.
* * * LOW HITPOINT WARNING * * *
You are encased in ice.
The shard shrike screeches!
The shard shrike completely misses you. You block the shard shrike's attack.
The ironbound frostheart calls freezing cold from the walls.
The frost grips you!! You partially resist.
* * * LOW HITPOINT WARNING * * *
The ironbound frostheart calls freezing cold from the walls.
The frost grips you!! You partially resist.
* * * LOW HITPOINT WARNING * * *
Unknown command.
Use which ability? (? or * to list)
You don't have enough magic at the moment.
Unknown command.
Okay, then.
Blink to where?
As you read the scroll of blinking, it crumbles to dust.
You block the shard shrike's attack.
The ironbound frostheart calls freezing cold from the walls.
The frost grips you!! You partially resist.
You die...

Action                   |  1- 3 |  4- 6 |  7- 9 | 10-12 | 13-15 || total
-------------------------+-------+-------+-------+-------+-------++-------
Melee: Spear             |   110 |    52 |       |       |       ||   162
       Punch             |     3 |       |       |       |       ||     3
       Halberd           |       |    48 |   346 |   344 |       ||   738
       Trident           |       |       |       |   444 |   777 ||  1221
       Tailslap          |       |       |       |     3 |    22 ||    25
Throw: Dart              |       |       |       |       |     1 ||     1
Invok: Banish            |       |       |       |    11 |     1 ||    12
Evoke: Wand              |       |       |       |     4 |     1 ||     5
  Use: Potion            |       |       |     6 |     8 |       ||    14
       Scroll            |       |       |     6 |    16 |     4 ||    26
 Stab: Sleeping          |     1 |     1 |     1 |       |       ||     3
       Distracted        |       |       |       |     1 |       ||     1
       Paralysed         |       |       |       |       |     4 ||     4
       Confused          |       |       |       |       |     3 ||     3
       Petrifying        |       |       |       |       |     1 ||     1
Armor: Leather armour    |    20 |    20 |    53 |       |       ||    93
       Swamp dragon scal |       |       |    51 |   171 |   101 ||   323
       Skin              |       |       |       |     3 |       ||     3
       Scale mail        |       |       |       |       |    60 ||    60
Dodge: Dodged            |    41 |    55 |   166 |   412 |   344 ||  1018
       Repelled          |       |       |       |     8 |     6 ||    14
Block: Kite shield       |       |       |       |   241 |   455 ||   696

Levels and vault maps discovered:
D:1:      minmay_arrival_plants_in_alcoves, layout_basic,
          shapermc_ecumenical_altar_gd, serial_bayou_ford_a
D:2:      layout_rooms
D:3:      layout_rooms, uniq_crazy_yiuf_cottage
D:4:      layout_loops_cross, minmay_temple_entry_water_ring, serial_shops,
          nicolae_shop_statue_plus
D:5:      layout_cave_pools, serial_shops, nicolae_shop_overgrown_old_shop,
          nicolae_kite_square_tiling_tiny, serial_park_tiny_2, nicolae_titane,
          uniq_edmund, uniq_prince_ribbit1
D:6:      minmay_clustersquares, layout_cave_pods,
          chequers_temple_overflow_statue_of_worship, mainiacjoe_overflow_paths,
          gammafunk_ghost_cemetery, serial_column_ruins,
          column_ruins_columns_straight, column_ruins_open_medium,
          column_ruins_open_tiny, column_ruins_open_tiny,
          minmay_misc_feat_columns, uniq_maggie
D:7:      layout_cave_pods, serial_shops, nicolae_shop_crystal,
          supply_closet_lemuel
D:8:      layout_cave_pods
D:9:      layout_cave_pods, david_orc_5, ebering_ghost_reflecting_pool
D:10:     layout_small_grid, mainiacjoe_overflow_six_doors_small,
          minmay_lair_entry_grove, enter_bailey_5, fungi_pond_lemuel,
          chequers_serial_rivers_micro_b, uniq_erica
D:11:     layout_stronghold, uniq_urug
D:12:     layout_cave_pods, uniq_snorg
D:13:     layout_roguey, elyvilon_altar_4
D:14:     layout_cave_pods, david_vaults_1, portal_ice_cave_entry_frozen_things
D:15:     grunt_enter_depths_magical_seal, layout_rooms,
          nicolae_hepliaklqana_hippocampus
IceCv:    ice_cave_caverns_02

Notes
Turn   | Place    | Note
-------+----------+-------------------------------------------
     0 | Abyss:1  | sanka the Merfolk Abyssal Knight began the quest for the
                  | Orb.
     0 | Abyss:1  | Reached XP level 1. HP: 18/18 MP: 2/2
     1 | D:1      | Escaped the Abyss
    27 | D:1      | Reached skill level 3 in Polearms
   105 | D:1      | Reached XP level 2. HP: 24/24 MP: 3/3
   340 | D:1      | Found a faded altar of an unknown god.
   477 | D:1      | Reached skill level 4 in Polearms
   871 | D:2      | Reached XP level 3. HP: 24/29 MP: 4/4
   952 | D:2      | Reached skill level 5 in Polearms
   972 | D:2      | Reached *** piety under Lugonu
  1159 | D:2      | Reached XP level 4. HP: 35/35 MP: 5/5
  1646 | D:3      | Identified the +2 pair of gloves of Disguise {Str+5 Int-4
                  | SInv}
  1962 | D:4      | Reached skill level 6 in Polearms
  2076 | D:3      | Reached XP level 5. HP: 38/41 MP: 7/7
  2160 | D:3      | Reached skill level 3 in Invocations
  2190 | D:3      | Found a runed translucent door.
  2191 | D:3      | Noticed Crazy Yiuf
  2490 | D:4      | Noticed an ogre
  2493 | D:4      | Killed an ogre
  2507 | D:4      | Noticed an ogre
  2678 | D:4      | Reached skill level 7 in Polearms
  2678 | D:4      | Reached XP level 6. HP: 39/47 MP: 8/8
  2824 | D:4      | Reached skill level 4 in Invocations
  2835 | D:4      | Found a staircase to the Ecumenical Temple.
  2920 | D:4      | Noticed a black bear
  2932 | D:4      | Killed a black bear
  2933 | D:4      | Reached skill level 8 in Polearms
  3181 | D:4      | Reached XP level 7. HP: 49/52 MP: 10/10
  3324 | D:4      | Found Laczy's Antique Armour Emporium.
  3534 | D:5      | Entered Level 5 of the Dungeon
  3534 | D:5      | Noticed Prince Ribbit
  3542 | D:4      | Killed Prince Ribbit
  3543 | D:4      | Reached skill level 9 in Polearms
  3543 | D:4      | Reached skill level 5 in Invocations
  3744 | D:5      | Reached **** piety under Lugonu
  3918 | D:5      | Reached skill level 3 in Dodging
  3918 | D:5      | Reached XP level 8. HP: 45/58 MP: 12/12
  3921 | D:5      | Reached skill level 10 in Polearms
  4060 | D:5      | Noticed Edmund
  4377 | D:5      | Found Kuilog's Assorted Antiques.
  4647 | D:6      | Found an iron altar of Okawaru.
  4648 | D:6      | Found a broken altar of Ashenzari.
  4736 | D:6      | Reached skill level 4 in Fighting
  4739 | D:6      | Reached skill level 4 in Dodging
  4883 | D:6      | Found a shadowy altar of Dithmenos.
  4906 | D:5      | Reached skill level 6 in Invocations
  4951 | D:6      | Identified +1 swamp dragon scales
  4951 | D:6      | Noticed Maggie
  4972 | D:6      | HP: 6/60 [Maggie/+0 morningstar (5)]
  4983 | D:6      | Killed Maggie
  4984 | D:6      | Reached skill level 11 in Polearms
  5202 | D:6      | Reached XP level 9. HP: 66/66 MP: 13/13
  5220 | D:6      | Reached skill level 5 in Dodging
  5536 | D:6      | Reached skill level 5 in Fighting
  5761 | D:6      | Found a runed translucent gate.
  5761 | D:6      | Found a runed translucent gate.
  5761 | D:6      | Found a runed translucent gate.
  5761 | D:6      | Noticed sanka's ghost (amateur TeAE)
  5762 | D:6      | Noticed sanka's ghost (novice TrFi)
  5762 | D:6      | Noticed Notanamesir's ghost (novice DENe)
  5762 | D:6      | Noticed sentinel's ghost (amateur MeEE)
  5815 | D:6      | Reached skill level 12 in Polearms
  6086 | D:7      | Reached skill level 6 in Dodging
  6086 | D:7      | Reached skill level 7 in Invocations
  6092 | D:7      | Found Hoethooj's Antique Weapon Shop.
  7216 | D:8      | Reached skill level 6 in Fighting
  7216 | D:8      | Reached skill level 1 in Armour
  7249 | D:8      | Noticed a manticore
  7279 | D:8      | Reached skill level 13 in Polearms
  7279 | D:8      | Reached XP level 10. HP: 32/76 MP: 8/15
  7287 | D:8      | Reached skill level 7 in Dodging
  7647 | D:9      | Reached ***** piety under Lugonu
  7713 | D:9      | HP: 4/77 [troll (6)]
  8059 | D:9      | Found a runed translucent door.
  8709 | D:8      | Reached skill level 2 in Armour
  8934 | D:8      | Noticed a two-headed ogre
  8936 | D:8      | Banished a two-headed ogre
  8937 | D:8      | Reached skill level 8 in Invocations
  9162 | D:8      | Killed a manticore
  9163 | D:8      | Reached skill level 7 in Fighting
  9163 | D:8      | Reached skill level 14 in Polearms
  9317 | D:9      | Reached skill level 8 in Dodging
  9708 | D:9      | Found a staircase to the Orcish Mines.
  9801 | D:9      | Noticed sanka's ghost (novice DgDe)
  9893 | D:10     | Entered Level 10 of the Dungeon
  9917 | D:10     | Identified +0 acid dragon scales
  9960 | D:10     | Reached XP level 11. HP: 41/86 MP: 12/17
  9976 | D:10     | Reached skill level 8 in Fighting
  9976 | D:10     | Reached skill level 9 in Invocations
  9985 | D:10     | Reached skill level 9 in Dodging
 10012 | D:10     | Found a staircase to the Lair.
 10125 | D:10     | Found a shimmering altar of Xom.
 10241 | D:10     | Found a flagged portal.
 10365 | Bailey   | Entered a bailey
 10390 | Bailey   | Noticed an orc warlord
 10658 | Bailey   | Found a runed translucent gate.
 10660 | Bailey   | Found a runed translucent gate.
 10662 | Bailey   | Found a runed translucent gate.
 10663 | Bailey   | Acquired 1157 gold pieces
 10841 | Bailey   | Banished an orc warlord
 10916 | Bailey   | Acquired a manual of Shields
 10997 | D:10     | Reached skill level 1 in Shields
 11014 | D:10     | Reached skill level 10 in Dodging
 11337 | D:4      | Bought the +2 shield of Resistance {rF++ rC++ Will++} for
                  | 1833 gold pieces
 11337 | D:4      | Found the +2 shield of Resistance {rF++ rC++ Will++}
 11484 | D:10     | Reached skill level 2 in Shields
 11548 | D:10     | Reached skill level 3 in Shields
 11702 | D:10     | Noticed a two-headed ogre
 11705 | D:10     | Banished a two-headed ogre
 11706 | D:10     | Reached skill level 4 in Shields
 11706 | D:10     | Reached skill level 10 in Invocations
 11710 | D:10     | Noticed Erica
 11724 | D:10     | Killed Erica
 11725 | D:10     | Reached skill level 5 in Shields
 11826 | D:10     | Reached skill level 6 in Shields
 12514 | D:11     | Reached skill level 7 in Shields
 12516 | D:11     | Noticed Urug
 12822 | D:11     | Banished Urug
 12823 | D:11     | Reached skill level 8 in Shields
 13056 | D:11     | Noticed a cyclops
 13077 | D:11     | Killed a cyclops
 13078 | D:11     | Reached skill level 9 in Fighting
 13078 | D:11     | Reached XP level 12. HP: 62/95 MP: 13/20
 14124 | D:12     | Noticed Snorg
 14127 | D:12     | Banished Snorg
 14128 | D:12     | Reached skill level 9 in Shields
 14128 | D:12     | Reached skill level 11 in Invocations
 14464 | D:12     | Noticed a six-headed hydra
 14483 | D:12     | Killed a six-headed hydra
 14484 | D:12     | Reached skill level 3 in Armour
 14602 | D:12     | Noticed a six-headed hydra
 14622 | D:12     | Killed a six-headed hydra
 15193 | D:13     | Reached skill level 11 in Dodging
 15241 | D:15     | Entered Level 15 of the Dungeon
 15314 | D:15     | Reached skill level 10 in Shields
 15339 | D:15     | Reached skill level 10 in Fighting
 15722 | D:15     | Reached skill level 4 in Armour
 15746 | D:15     | Reached XP level 13. HP: 103/103 MP: 21/21
 16250 | D:15     | Reached skill level 11 in Shields
 16336 | D:15     | Reached skill level 12 in Invocations
 16366 | D:15     | Reached skill level 12 in Dodging
 17043 | D:15     | Reached skill level 11 in Fighting
 17230 | D:15     | Found a hazy altar of Hepliaklqana.
 17324 | D:15     | Found a staircase to the Depths.
 17408 | D:14     | Reached skill level 5 in Armour
 17422 | D:14     | Reached skill level 12 in Shields
 17787 | D:14     | Found a frozen archway.
 18057 | IceCv    | Entered an ice cave
 18074 | IceCv    | Reached skill level 13 in Dodging
 18165 | IceCv    | Reached XP level 14. HP: 104/113 MP: 21/23
 18598 | IceCv    | Got the Precepts of the Virous Glacier
 18678 | IceCv    | Reached skill level 13 in Invocations
 18737 | IceCv    | Reached skill level 13 in Shields
 19222 | IceCv    | Reached skill level 6 in Armour
 19264 | IceCv    | Reached skill level 12 in Fighting
 19302 | IceCv    | Noticed a shard shrike
 19315 | IceCv    | Noticed a white draconian
 19321 | IceCv    | Banished a white draconian
 19339 | IceCv    | HP: 3/115 [ironbound frostheart/creeping frost (20)]
 19340 | IceCv    | Killed from afar by an ironbound frostheart

Vanquished Creatures
  2 hydras (D:12)
  A boulder beetle (D:14)
  An ironbound frostheart (IceCv)
  Erica (D:10)
  A centaur warrior (D:14)
  3 wizards (D:15)
  An orange crystal statue (IceCv)
  A deep elf zephyrmancer (D:15)
  An orc knight (D:15)
  A necromancer (D:15)
  28 ugly things
  An ugly thing (shapeshifter) (IceCv)
  7 cyclopes
  4 slime creatures (D:15)
  2 manticores
  A naga mage (D:15)
  4 gargoyles
  3 yaktaurs (D:15)
  2 centaur skeletons (D:15)
  Maggie (D:6)
  4 freezing wraiths (D:14)
  An efreet (D:15)
  2 kobold demonologists
  14 rime drakes (IceCv)
  6 trolls
  A meliai (shapeshifter) (D:15)
  14 polar bears (IceCv)
  Prince Ribbit (D:4)
  A raiju (shapeshifter) (D:14)
  A centaur simulacrum (D:15)
  A shadow (D:11)
  A wraith (D:12)
  4 wyverns (D:10)
  A basilisk (D:15)
  8 yaks
  7 vampire mosquitoes
  A steam dragon (D:9)
  An acid dragon (D:10)
  5 water moccasins
  7 orc warriors
  3 black bears
  An ice beast (D:7)
  4 sky beasts
  3 ogres
  9 centaurs
  A phantom (D:6)
  2 kobold brigands
  A bullfrog (D:7)
  A necrophage (D:6)
  3 scorpions
  10 wights
  10 killer bees
  3 howler monkeys
  A jelly (D:6)
  4 hounds
  11 orc priests
  A gnoll bouda (D:6)
  9 orc wizards
  5 iguanas
  8 adders
  5 gnolls
  2 shadow imps
  An ufetubus (D:6)
  A worm (D:2)
  3 dart slugs
  51 orcs
  5 ball pythons
  A bat (D:1)
  9 endoplasms
  3 giant cockroaches
  12 goblins
  8 hobgoblins
  A quokka (D:4)
  3 frilled lizards (D:2)
  32 kobolds
  4 rats
378 creatures vanquished.

Vanquished Creatures (others)
  A rime drake (IceCv)
  A warg (D:15)
  A quokka (D:13)
  2 demonic plants (D:1)
  12 fungi (D:10)
  14 plants (D:10)
  2 withered plants (D:6)
33 creatures vanquished.

Grand Total: 411 creatures vanquished
